 Dungeon Sprint DCSS version 0.28-a0-224-g76b539d98b (webtiles) character file.

Game seed: 17833131944176108330

110 MikeHunt the Ogre Mage (level 4, -4/39 HPs)
             Began as an Ogre Fire Elementalist on Aug 21, 2021.
             Slain by a phantom (6 damage)
             ... in the Dungeon (Sprint IX: "|||||||||||||||||||||||||||||").
             The game lasted 00:01:57 (296 turns).

MikeHunt the Ogre Mage (Ogre Fire Elementalist)      Turns: 296, Time: 00:01:58

Health: -4/39      AC:  3    Str: 12    XL:     4   Next: 91%
Magic:  3/13       EV:  9    Int: 17    God:
Gold:   0          SH:  0    Dex:  9    Spells: 17/18 levels left

rFire   . . .      SeeInvis .   (no weapon)
rCold   . . .      Faith    .   (no shield)
rNeg    . . .      Spirit   .   a - +0 robe
rPois   .          Reflect  .   (helmet restricted)
rElec   .          Harm     .   (no cloak)
rCorr   .          Rampage  .   (gloves unavailable)
Will    .....      NoTele   +   (boots unavailable)
Stlth   +.........              (no amulet)
HPRegen 0.13/turn               (no ring)
MPRegen 0.13/turn               (no ring)

@: on berserk cooldown, slowed, very slow
A: large, unfitting armour, tough skin 1
a: no special abilities


You were in the Dungeon.
You visited 1 branch

Inventory:

Armour
 a - a +0 robe (worn)
Potions
 e - 2 potions of magic


   Skills:
 - Level 1.7 Dodging
 - Level 1.4 Stealth
 + Level 7.5 Spellcasting
 - Level 0.8 Conjurations
 + Level 6.5 Fire Magic


You had 17 spell levels left.
You knew the following spells:

 Your Spells              Type           Power      Damage    Failure   Level
a - Foxfire               Conj/Fire      76%        2x1d7     2%          1

Your spell library contained the following spells:

 Spells                   Type           Power      Damage    Failure   Level
 Conjure Flame            Conj/Fire      19%        6-21      7%          3
 Inner Flame              Hex/Fire       17%        N/A       9%          3
 Sticky Flame             Conj/Fire      19%        2d4       24%         4
 Fireball                 Conj/Fire      9%         3d6       54%         5


Dungeon Overview and Level Annotations

Branches:
Dungeon (1/1)

Altars:


Innate Abilities, Weirdness & Mutations

You are too large for most types of armour.
You have tough skin. (AC +1)


Message History

You hit the worm.
The worm is moderately wounded.
The worm barely misses you.
This spell is dangerous to cast!
Memorise Conjure Flame, consuming 3 spell levels and leaving 14?
The worm bites you but does no damage.
Your memorisation is interrupted.
This spell is dangerous to cast!
Memorise Conjure Flame, consuming 3 spell levels and leaving 14?
The worm barely misses you.
You start memorising the spell.
You continue memorising.
The worm bites you but does no damage.
Your memorisation is interrupted.
This spell is dangerous to cast!
Memorise Conjure Flame, consuming 3 spell levels and leaving 14?
The worm closely misses you.
You start memorising the spell.
You continue memorising.
The worm bites you.
Your memorisation is interrupted.
This spell is dangerous to cast!
Memorise Conjure Flame, consuming 3 spell levels and leaving 14?
The worm bites you.
Your memorisation is interrupted.
This spell is dangerous to cast!
Memorise Conjure Flame, consuming 3 spell levels and leaving 14?
You start memorising the spell.
You continue memorising.
The worm bites you.
Your memorisation is interrupted.
Blink to where?
Press: ? - help, Dir - move target
As you read the scroll of blinking, it crumbles to dust.
You close the door.
A phantom opens the door.
Casting: Foxfire (safe; 2% risk of failure)
Confirm with . or Enter, or press ? or * to list all spells.
You conjure some foxfire!
The phantom hits you.
* * * LOW HITPOINT WARNING * * *
Your foxfire dissipates!
The phantom completely misses you.
Casting: Foxfire (safe; 2% risk of failure)
Confirm with . or Enter, or press ? or * to list all spells.
You conjure some foxfire!
The phantom hits you!
* * * LOW HITPOINT WARNING * * *
Your foxfire dissipates!
The phantom hits you.
You die... ▓▓▓▓▓▓▓▓▓▓▓▓▓▓▓▓▓▓ +.....'..@Ww'..)<▓ ▓▓▓▓▓▓▓▓▓▓▓▓▓▓▓▓▓▓

You could see a phantom and a worm.

Vanquished Creatures
  An ogre (D)
  A gnoll (D)
  An adder (D)
  A giant cockroach (D)
  A goblin (D)
  A quokka (D)
  A frilled lizard (D)
  A rat (D)
8 creatures vanquished.

Vanquished Creatures (others)
  A foxfire (D)
1 creature vanquished.

Grand Total: 9 creatures vanquished

Notes
Turn   | Place    | Note
-------+----------+-------------------------------------------
     0 | D        | MikeHunt the Ogre Fire Elementalist began the quest for the
                  | Orb.
     0 | D        | Reached XP level 1. HP: 16/16 MP: 3/3
     6 | D        | Reached skill level 3 in Spellcasting
   241 | D        | Noticed a phantom
   241 | D        | Noticed an ogre
   260 | D        | Reached skill level 4 in Spellcasting
   260 | D        | Reached XP level 2. HP: 24/24 MP: 0/7
   269 | D        | Reached skill level 5 in Spellcasting
   269 | D        | Reached XP level 3. HP: 30/31 MP: 1/9
   274 | D        | Killed an ogre
   275 | D        | Reached skill level 7 in Spellcasting
   275 | D        | Reached XP level 4. HP: 20/39 MP: 1/13
   296 | D        | Slain by a phantom

Illustrated notes

Levels and vault maps discovered:
D:        linesprint [early_d, line_temple, items_1, d_10, items_2, lair_1,
          lair_end, items_3, orc_1, orc_end, items_4, d_15, swamp_1, shoals_1,
          snake_1, spider_1, d_20, vaults_1, items_5, swamp_end, shoals_end,
          snake_end, spider_end, vaults_end, d_27, items_6, zot_1, zot_end,
          crypt_end, forest_end, elf_end, slime_end, tomb_end, abyss_end,
          pan_hell_end]

Skill      XL: |  1  2  3 |
---------------+----------+-----
Spellcasting   | 4 5 7 |  7.5
Fire Magic     | 4 6 |  6.5
Dodging        | |  1.7
Stealth        | |  1.4
Conjurations   | |  0.8

Action                   |  1- 3 |  4- 6 || total
-------------------------+-------+-------++-------
Melee: Unarmed           |    46 |     5 ||    51
 Cast: Foxfire           |     9 |     2 ||    11
  Use: Potion            |     3 |     1 ||     4
       Scroll            |       |     1 ||     1
Armor: Robe              |     5 |     2 ||     7
Dodge: Dodged            |    15 |     5 ||    20

Table legend: (Time is in decaauts)
 A = Elapsed time spent in this place.
 B = Non-inter-level travel time spent in this place.
 C = Inter-level travel time spent in this place.
 D = Time resting spent in this place.
 E = Time spent auto-exploring this place.
 F = Levels seen in this place.
 G = Mean time per level.
                   A        B        C        D        E       F      G
               +--------+--------+--------+--------+--------+-----+--------+
         Total |    280 |    280 |      0 |    181 |      0 |   1 |  280.0 |
       Dungeon |    280 |    280 |      0 |    181 |      0 |   1 |  280.0 |
               +--------+--------+--------+--------+--------+-----+--------+

Top non-repeatable levels by time:
       D: 280 daAuts
